 Dungeon Crawl Stone Soup version 0.26-a0-665-gefeb406119 (webtiles) character file.

Game seed: 250379132686884275

246 Decritt the Firebug (level 5, -2/42 HPs)
             Began as a Draconian Fire Elementalist on Oct 14, 2020.
             Slain by a phantom (5 damage)
             ... on level 3 of the Dungeon.
             The game lasted 00:07:31 (3266 turns).

Decritt the Firebug (Draconian Fire Elementalist)   Turns: 3266, Time: 00:07:32

Health: -2/42      AC:  5    Str: 11    XL:     5   Next: 84%
Magic:  8/10       EV: 12    Int: 16    God:
Gold:   179        SH:  0    Dex: 11    Spells: 10/11 levels left

rFire    + . .     SeeInvis .   e - +0 spear
rCold    . . .     Faith    .   (no shield)
rNeg     . . .     Spirit   .   (armour unavailable)
rPois    .         Reflect  .   (helmet restricted)
rElec    .         Harm     .   (no cloak)
rCorr    .         Rampage  .   (no gloves)
MR       .....                  (no boots)
Stlth    ++........             (no amulet)
HPRegen  0.14/turn              b - ring of fire
MPRegen  0.12/turn              k - ring of protection from cold

@: no status effects
A: unfitting armour, cold-blooded, AC +5
a: no special abilities


You were on level 3 of the Dungeon.
You visited 1 branch of the dungeon, and saw 3 of its levels.

You collected 179 gold pieces.

Inventory:

Hand Weapons
 e - a +0 spear (weapon)
Missiles
 m - 6 poisoned darts (quivered)
Jewellery
 b - a ring of fire (left hand)
 k - a ring of protection from cold (right hand)
Wands
 j - a wand of flame (16)
Scrolls
 a - 2 scrolls of magic mapping {unknown}
 c - a scroll of remove curse {unknown}
 i - a scroll of enchant armour {unknown}
 n - a scroll of enchant weapon {unknown}
 o - a scroll of noise {unknown}
Potions
 d - a potion of lignification {unknown}
 f - a potion of heal wounds {unknown}
 g - 2 potions of curing {unknown}
 h - a potion of might {unknown}
 l - a potion of flight {unknown}
 p - a potion of degeneration {unknown}


   Skills:
 + Level 2.7 Fighting
 - Level 1.7 Dodging
 - Level 1.7 Stealth
 + Level 3.6 Spellcasting
 * Level 2.9 Conjurations
 - Level 4.0 Fire Magic


You had 10 spell levels left.
You knew the following spells:

 Your Spells              Type           Power        Failure   Level
a - Foxfire               Conj/Fire      ###.         4%          1

Your spell library contained the following spells:

 Spells                   Type           Power        Failure   Level
 Conjure Flame            Conj/Fire      ###.....     13%         3
 Inner Flame              Hex/Fire       ##......     24%         3
 Sticky Flame             Conj/Fire      ###.....     38%         4
 Fireball                 Conj/Fire      ###.......   75%         5


Dungeon Overview and Level Annotations

Branches:
Dungeon (3/15)

Altars:
Nemelex Xobeh


Innate Abilities, Weirdness & Mutations

Your plain brown scales are hard. (AC +5)
You cannot fit into any form of body armour.
You are cold-blooded and may be slowed by cold attacks.


Message History

* * * LOW HITPOINT WARNING * * *
Casting: Foxfire (safe; 4% risk of failure)
Confirm with . or Enter, or press ? or * to list all spells.
You feel a surge of power!
You conjure some foxfire!
The phantom hits you!
* * * LOW HITPOINT WARNING * * *
The phantom blinks!
The foxfire hits the phantom.
The phantom is heavily damaged.
The foxfire hits the phantom.
The phantom is severely damaged.
Casting: Foxfire (safe; 4% risk of failure)
Confirm with . or Enter, or press ? or * to list all spells.
You feel a surge of power!
You conjure some foxfire!
The phantom hits you!
* * * LOW HITPOINT WARNING * * *
The foxfire hits the phantom but does no damage.
The phantom is severely damaged.
The foxfire hits the phantom.
The phantom is severely damaged.
The phantom hits you.
You die...

###.#.#. ....(.÷)
# # ###.#.#.
.#.#### ####.†.(.
#.#... ........(.
# ##.#.#
<########)
#.##§$..# #(
#(.§.)..#
#######. #@W.(#
........ ##.#(#
#######. #.#.# #.
#.#.# #. #.#.#
####. #.#.# #...(
#.#.#########.##.
#.(...........##.
###..............


You could see a phantom.

Vanquished Creatures
  An ogre (D:3)
  A hound (D:3)
  An orc wizard (D:3)
  5 adders
  An ooze (D:1)
  2 worms (D:2)
  2 leopard geckos (D:3)
  5 orcs
  6 bats
  4 giant cockroaches
  6 goblins
  6 hobgoblins
  8 kobolds
  2 frilled lizards
  6 rats
56 creatures vanquished.

Vanquished Creatures (others)
  43 foxfires
43 creatures vanquished.

Grand Total: 99 creatures vanquished

Notes
Turn   | Place    | Note
-------+----------+-------------------------------------------
     0 | D:1      | Decritt the Draconian Fire Elementalist began the quest for
                  | the Orb.
     0 | D:1      | Reached XP level 1. HP: 14/14 MP: 3/3
   303 | D:1      | Reached XP level 2. HP: 6/22 MP: 5/5
   961 | D:2      | Reached skill level 1 in Fighting
  1144 | D:2      | Found a sparkling altar of Nemelex Xobeh.
  1230 | D:2      | Reached XP level 3. HP: 15/28 MP: 6/6
  2089 | D:2      | Reached XP level 4. HP: 35/35 MP: 8/8
  2339 | D:2      | Reached skill level 4 in Fire Magic
  2846 | D:3      | Noticed an ogre
  2857 | D:3      | Killed an ogre
  2857 | D:3      | Reached XP level 5. HP: 32/42 MP: 2/10
  3231 | D:3      | Noticed a phantom
  3265 | D:3      | HP: 2/42 [phantom (10)]
  3266 | D:3      | Slain by a phantom

Illustrated notes

Levels and vault maps discovered:
D:1:      lightli_molten_gateway, layout_basic
D:2:      minmay_inner_zag, layout_basic, nemelex_xobeh_ov_fountains_minmay,
          hangedman_decor_slide_cut, minmay_splitting_lines
D:3:      layout_loops_ring, nicolae_tso_swordbearing_angel, uniq_jessica

Skill      XL: |  1  2  3  4 |
---------------+-------------+-----
Fighting       | 1 2 |  2.7
Spellcasting   | 3 |  3.6
Fire Magic     | 4 |  4.0
Conjurations   | 2 |  2.9
Dodging        | |  1.7
Stealth        | |  1.7

Action                   |  1- 3 |  4- 6 || total
-------------------------+-------+-------++-------
Melee: Dagger            |    15 |       ||    15
       Unarmed           |    10 |       ||    10
       Tailslap          |    10 |     2 ||    12
       Spear             |   111 |    72 ||   183
Throw: Dart              |    40 |    37 ||    77
 Cast: Foxfire           |     7 |    23 ||    30
 Stab: Sleeping          |     1 |       ||     1
Armor: Skin              |    37 |    18 ||    55
Dodge: Dodged            |    81 |    64 ||   145

Table legend: (Time is in decaauts)
 A = Elapsed time spent in this place.
 B = Non-inter-level travel time spent in this place.
 C = Inter-level travel time spent in this place.
 D = Time resting spent in this place.
 E = Time spent auto-exploring this place.
 F = Levels seen in this place.
 G = Mean time per level.
                   A        B        C        D        E       F      G
               +--------+--------+--------+--------+--------+-----+--------+
         Total |   3281 |   3262 |     19 |      0 |   2718 |   3 | 1093.7 |
       Dungeon |   3281 |   3262 |     19 |      0 |   2718 |   3 | 1093.7 |
               +--------+--------+--------+--------+--------+-----+--------+

Top non-repeatable levels by time:
     D:2: 1831 daAuts
     D:1: 871 daAuts
     D:3: 578 daAuts
